AoeStats
← IGBBMN

Nomad

510747799Analyzed
4v4 RM · 1d ago on Oct 2, 2026· 35m 23s· 8 players
Game mode
Random Map
Map size
231×231
Population
200
Speed
Normal
Resources
Standard
Victory
Conquest
Starting age
Dark Age
Ending age
Imperial Age
RankedLock teamsTeams togetherTeam positionsShared explorationLock speedFull tech treeHidden civsTurbo modeCheats
Victory
Defeat
🇮🇩 Spanish · Indonesia
1174
+16
🇨🇳 Danes · China
1152
+17
🇦🇷 Vietnamese · Argentina
1140
+18
🇨🇳 Japanese · China
1132
+18
🇷🇺 Portuguese · Russia
1231
-19
🇷🇺 Dravidians · Russia
1209
-19
🇰🇬 Huns · Kyrgyzstan
1139
-16
🇨🇳 Franks · China
1125
-15
wedus
4:30 Loom
15:10 Feudal Age
20:08 Castle Age
YOU B4STARD!
17:11 Feudal Age
21:00 Castle Age
22:33 Demolition Ship
24:02 Double-Bit Axe
27:28 Squires
27:14 Gambesons
29:54 Medium Warships
30:23 Scale Mail Armor
30:34 Forging
31:09 Stone Mining
31:13 Gold Mining
33:45 Chain Mail Armor
35:56 Iron Casting
IGBBMN
15:36 Feudal Age
20:41 Castle Age
18:47 Double-Bit Axe
18:45 Horse Collar
20:07 Loom
20:40 Padded Archer Armor
20:34 Fletching
22:15 Gold Mining
25:30 Town Watch
25:47 Crossbowman
29:35 Leather Archer Armor
33:05 Bodkin Arrow
35:18 Ballistics
36:22 Wheelbarrow
lxc
11:24 Loom
15:30 Feudal Age
16:13 Double-Bit Axe
16:13 Horse Collar
16:32 Fishing Lines
22:50 Castle Age
21:10 Scale Mail Armor
21:20 Forging
22:38 Forging
23:45 Wheelbarrow
25:06 Bow Saw
28:31 Chain Mail Armor
31:06 Hand Cart
30:36 Town Watch
38:16 Imperial Age
ViZard
Te0n
5:34 Loom
15:17 Feudal Age
17:08 Forging
17:06 Scale Barding Armor
17:14 Bloodlines
17:35 Fishing Lines
20:26 Double-Bit Axe
24:28 Castle Age
23:09 Fletching
24:15 Gold Mining
24:15 Stone Mining
25:07 Bodkin Arrow
26:29 Bow Saw
26:43 Husbandry
27:29 Gold Shaft Mining
27:56 Iron Casting
28:16 Chain Barding Armor
32:31 Wheelbarrow
32:04 Gillnets
老头
11:17 Loom
15:43 Feudal Age
20:23 Castle Age
19:28 Fishing Lines
29:54 Wheelbarrow
31:03 Hand Cart
31:51 Double-Bit Axe
AnonymousJohn
3:57 Loom
14:18 Feudal Age
15:35 Town Watch
18:53 Castle Age
17:32 Horse Collar
27:19 Imperial Age
28:49 Fletching
Connection lost

Rejoining the realm…

Still unreachable

The connection could not be restored.

Session expired

The server has moved on; the page needs a fresh start.